 Dungeon Crawl Stone Soup version 0.20.0-15-g7f486f2 (webtiles) character file.

144 KleinerIrrer the Skirmisher (level 5, -1/33 HPs)
             Began as a Gargoyle Fighter on June 27, 2017.
             Killed from afar by an orc wizard (10 damage)
             ... with a puff of flame
             ... on level 3 of the Dungeon.
             The game lasted 00:05:28 (1436 turns).

KleinerIrrer the Skirmisher (Gargoyle Fighter)      Turns: 1436, Time: 00:05:29

Health: -1/33      AC: 11    Str: 24    XL:     5   Next: 26%
Magic:  5/5        EV: 10    Int:  8    God:
Gold:   104        SH:  0    Dex:  9    Spells: 4/4 levels left

rFire    . . .     SeeInvis .   g - +2 halberd (freeze)
rCold    . . .     Gourm    .   (shield currently unavailable)
rNeg     + . .     Faith    .   b - +0 scale mail
rPois    ∞         Spirit   .   (no helmet)
rElec    +         Reflect  .   (no cloak)
rCorr    .         Harm     .   (no gloves)
MR       .....                  (no boots)
Stlth    ..........             (no amulet)
Regen    0.2/turn               t - +3 ring of strength
MPRegen  0.1/turn               (no ring)

@: no status effects
A: negative energy resistance 1, electricity resistance, unbreathing,
petrification resistance, rot immunity, AC +4
a: no special abilities


You were on level 3 of the Dungeon.
You were not hungry.

You visited 1 branch of the dungeon, and saw 3 of its levels.

You collected 104 gold pieces.

Inventory:

Hand Weapons
 a - a +0 flail
 g - a +2 halberd of freezing (weapon)
Armour
 b - a +0 scale mail (worn)
 c - a +1 shield
 h - a +0 chain mail
Jewellery
 p - an uncursed ring of teleportation
 t - a +3 ring of strength (left hand)
 v - an uncursed ring of see invisible {unknown}
Scrolls
 e - a scroll of fog
 k - a scroll of teleportation
 l - a scroll of fear {unknown}
 q - a scroll of magic mapping {unknown}
Potions
 d - a potion of might
 i - a potion of haste {unknown}
 n - a potion of berserk rage {unknown}
 o - a potion of agility {unknown}
 r - 2 potions of resistance {unknown}
 s - a potion of brilliance {unknown}
 u - a potion of lignification {unknown}
Comestibles
 f - 2 bread rations
 j - 6 chunks of flesh
 m - a meat ration


   Skills:
 + Level 4.2 Fighting
 * Level 3.1 Maces & Flails
 + Level 4.2 Armour
 + Level 0.2 Dodging
 + Level 4.1 Shields


You had 4 spell levels left.
You didn't know any spells.

Dungeon Overview and Level Annotations

Branches:
Dungeon (3/15)

Altars:
Kikubaaqudgha


Innate Abilities, Weirdness & Mutations

You are resistant to torment.
Your stone body is resilient. (AC +4)
You are immune to poison.
You resist negative energy. (rN+)
You are resistant to electric shocks. (rElec)
You can survive without breathing.
You are immune to petrification.
You are immune to rotting.


Message History

The orc hits you but does no damage.
You hit the orc but do no damage.
The orc is severely wounded.
The orc hits you.
* * * LOW HITPOINT WARNING * * *
The orc hits you but does no damage.
Some of the chunks of flesh in your inventory have rotted away.
You closely miss the orc.
The orc is severely wounded.
The orc barely misses you.
The orc wizard casts a cantrip, but nothing happens.
You hear the brisk rusting of a very distant drain.
You hit the orc. You freeze the orc.
You kill the orc!
Things that are here:
a club; a hobgoblin corpse You barely miss the orc wizard.
The orc wizard casts a spell at you. The puff of flame hits you!
You die...

####### #.....# #.....#
#..8..# #.....###
#.....#.### ###)###...#
#.[.#.>#.# ##
#.#o@.##.#...
###.###).......
o.....[..##....##≈≈
...<.........###≈≈##
.###...#..#..≈≈≈≈#≈≈
...
...#....#.##≈≈≈≈≈≈##.o#
.##...#....#≈≈#≈≈≈#≈o..
? ##.##....#≈≈≈≈≈≈≈≈#o#
## #.......#≈≈#≈≈#≈##.#
#.


You could see an orc wizard.

Vanquished Creatures
  An orc priest (D:3)
  A gnoll (D:1)
  3 adders (D:3)
  2 oozes
  2 worms (D:2)
  2 dart slugs (D:1)
  A leopard gecko (D:3)
  5 orcs (D:3)
  5 bats
  2 giant cockroaches
  5 goblins
  3 hobgoblins
  A quokka (D:3)
  2 ball pythons
  6 frilled lizards
  11 kobolds
  6 rats
58 creatures vanquished.

Notes
Turn   | Place    | Note
-------+----------+-------------------------------------------
     0 | D:1      | KleinerIrrer the Gargoyle Fighter began the quest for the Orb.
     0 | D:1      | Reached XP level 1. HP: 14/14 MP: 1/1
    64 | D:1      | Reached XP level 2. HP: 17/19 MP: 2/2
    97 | D:1      | Reached XP level 3. HP: 21/24 MP: 3/3
   739 | D:2      | Reached XP level 4. HP: 23/29 MP: 4/4
   867 | D:2      | Found an ancient bone altar of Kikubaaqudgha.
  1352 | D:3      | Reached XP level 5. HP: 11/33 MP: 5/5
  1436 | D:3      | Killed from afar by an orc wizard

Skill      XL: |  1  2  3  4 |
---------------+-------------+-----
Shields        | 4 |  4.1
Fighting       | 4 |  4.2
Maces & Flails | 3 |  3.1
Armour         | 4 |  4.2
Dodging        | |  0.2

Action                   |  1- 3 |  4- 6 || total
-------------------------+-------+-------++-------
Melee: Flail             |     9 |       ||     9
       Halberd           |    84 |    83 ||   167
  Use: Scroll            |     2 |     4 ||     6
  Eat: Chunk             |       |     2 ||     2
Armor: Scale mail        |    57 |    44 ||   101
Dodge: Dodged            |    47 |    44 ||    91
Block: Shield            |     5 |       ||     5
